[Event "Israeli Open Championship 2019"]
[Site "Jerusalem"]
[Date "2019.12.15"]
[Round "3.4"]
[White "Flom, Gabriel"]
[Black "Cohen Revivo, Shoham"]
[Result "1-0"]
[ECO "D51"]
[WhiteElo "2506"]
[BlackElo "2261"]
[Annotator "RC"]
[PlyCount "91"]
[EventDate "2019.12.12"]
[EventType "swiss"]
[EventCountry "ISR"]
[SourceTitle "playchess.com"]
[Source "ChessBase"]
[SourceQuality "1"]
[TimeControl "5400+30"]

1. d4 d5 2. c4 c6 3. Nc3 Nf6 4. Nf3 e6 5. Bg5 Nbd7 6. Qc2 dxc4 7. e4 b5 8. e5 h6 9. Bh4 g5 10. Nxg5 hxg5 11. Bxg5 Bb4 12. exf6 Nb6 13. O-O-O Bxc3 14. Qxc3 Nd5 15. Qa3 b4 16. Qa4 c3 17. Bc4 Bd7 18. bxc3 bxc3 19. Bxd5 cxd5 20. Qa3 Rb8 21. Rd3 a5 22. Rxc3 Rb4 23. Rb3 Qc7+ 24. Kb1 Qc4 25. Rxb4 axb4 26. Qg3 Qc3 27. Qxc3 bxc3 28. Kc2 Ba4+ 29. Kxc3 Kd7 30. h4 Rc8+ 31. Kd3 Bc2+ 32. Kd2 Be4 33. f3 Rc2+ 34. Ke3 Bh7 35. Rg1 Rxa2 36. Bf4 Kc6 37. Be5 Kb5 38. g4 Ra3+ 39. Kf4 Kc4 40. Re1 Bc2 41. h5 Ra8 42. Rc1 Kd3 43. Rxc2 Kxc2 44. g5 Rg8 45. g6 fxg6 46. hxg6 1-0

[Event "Israeli Open Championship 2019"]
[Site "Jerusalem"]
[Date "2019.12.15"]
[Round "3.7"]
[White "Golberg, Igor"]
[Black "Sokolovsky, Yahli"]
[Result "1-0"]
[ECO "E62"]
[WhiteElo "2156"]
[BlackElo "2045"]
[Annotator "RC"]
[PlyCount "75"]
[EventDate "2019.12.12"]
[EventType "swiss"]
[EventCountry "ISR"]
[SourceTitle "playchess.com"]
[Source "ChessBase"]
[SourceQuality "1"]
[TimeControl "5400+30"]

1. d4 Nf6 2. c4 g6 3. Nc3 Bg7 4. Nf3 O-O 5. g3 d6 6. Bg2 Nc6 7. O-O e5 8. dxe5 dxe5 9. Bg5 Be6 10. Nd2 h6 11. Bxf6 Bxf6 12. Nde4 Be7 13. Qc1 Kg7 14. Rd1 Qe8 15. Nd5 Rc8 16. Nxe7 Qxe7 17. Nc3 Bxc4 18. b3 Be6 19. Bxc6 bxc6 20. Qe3 Bh3 21. Qxa7 f5 22. Qe3 Qe6 23. f4 Rce8 24. Rd3 Rf7 25. Rad1 g5 26. fxg5 f4 27. gxf4 Qg4+ 28. Qg3 Rxf4 29. gxh6+ Kxh6 30. Qxg4 Rxg4+ 31. Rg3 Reg8 32. Kf2 Rf8+ 33. Ke3 Rxg3+ 34. hxg3 Kh5 35. Rh1 Kg4 36. Ne4 Bg2 37. Rh4+ Kf5 38. Rh2 {[%emt 0:00:08] Kxe4+ Kxe4} 1-0

[Event "Israeli Open Championship 2019"]
[Site "Jerusalem"]
[Date "2019.12.15"]
[Round "3.8"]
[White "Har-Even, Abir"]
[Black "Zak, Arad"]
[Result "1/2-1/2"]
[ECO "B05"]
[WhiteElo "2104"]
[BlackElo "2076"]
[Annotator "NA RC"]
[PlyCount "109"]
[EventDate "2019.12.12"]
[EventType "swiss"]
[EventCountry "ISR"]
[SourceTitle "playchess.com"]
[Source "ChessBase"]
[SourceQuality "1"]
[TimeControl "5400+30"]

1. e4 Nf6 2. e5 Nd5 3. d4 d6 4. c4 Nb6 5. exd6 exd6 6. Nc3 Nc6 7. Be3 Be7 8. Rc1 O-O 9. b3 Re8 10. Nf3 Bg4 11. Be2 Bf6 12. O-O d5 {[%emt 0:02:11] B05: Alekhine's Defence: 4 Nf3 Bg4} 13. c5 Nc8 14. h3 Bf5 15. Qd2 h6 16. Nh2 N8e7 17. Ng4 Bxg4 18. Bxg4 Ng6 19. Ne2 $146 ({Predecessor:} 19. g3 Nf8 20. Ne2 Ne6 21. b4 {½-½ (44) Gomez Fontal,F (2329)-Baron Rodriguez,J (2431) Havana 2007}) 19... a5 20. Ng3 Bg5 21. f4 Bf6 22. Nh5 Kh8 23. Rcd1 Nf8 24. Nxf6 Qxf6 25. a3 Re7 26. Bf3 Qe6 27. Rfe1 Rae8 28. b4 axb4 29. axb4 Qf5 $14 30. g4 Qf6 31. Bxd5 Nxb4 32. Bg2 Ng6 33. d5 Nc2 34. Qxc2 Rxe3 35. Rxe3 Rxe3 36. d6 cxd6 37. cxd6 Re8 38. d7 Rd8 39. Qc7 Nxf4 40. Re1 Ne6 41. Qxb7 Qd4+ 42. Kh1 Qxd7 43. Qxd7 Rxd7 44. Be4 g6 45. Bxg6 Nf4 46. Bf5 Rd2 47. Re3 Kg7 48. Rf3 Nd5 49. Rd3 Rxd3 50. Bxd3 Kf6 51. Kh2 Nf4 52. Bc4 h5 53. Kg3 hxg4 54. Kxf4 gxh3 55. Ke4 {[%emt 0:03:40] Ke5+} 1/2-1/2

[Event "Israeli Open Championship 2019"]
[Site "Jerusalem"]
[Date "2019.12.15"]
[Round "3.10"]
[White "Gruzman, Ilya"]
[Black "Baron, Tal"]
[Result "0-1"]
[ECO "D85"]
[WhiteElo "1889"]
[BlackElo "2541"]
[Annotator "RC"]
[PlyCount "72"]
[EventDate "2019.12.12"]
[EventType "swiss"]
[EventCountry "ISR"]
[SourceTitle "playchess.com"]
[Source "ChessBase"]
[SourceQuality "1"]
[TimeControl "5400+30"]

1. Nf3 g6 2. c4 Bg7 3. d4 Nf6 4. Nc3 d5 5. cxd5 Nxd5 6. e4 Nxc3 7. bxc3 c5 8. Rb1 O-O 9. Be2 b6 10. Be3 Bb7 11. Qd3 e6 12. O-O Qc7 13. dxc5 Nd7 14. cxb6 axb6 15. Rfd1 Nc5 16. Bxc5 Qxc5 17. Qd6 Bxe4 18. Rxb6 Qxc3 19. Rb3 Qa5 20. Qd2 Qxa2 21. Qxa2 Rxa2 22. Re3 Bd5 23. Bf1 Rc8 24. Ne1 Ra1 25. Rxa1 Bxa1 26. Nd3 Bd4 27. Re2 Rb8 28. Nf4 Bc6 29. Nd3 Rb3 30. Rc2 Bd5 31. Nf4 Bb7 32. Rd2 Bb6 33. Rd1 e5 34. Ne2 Rb2 35. g3 Bf3 36. Re1 e4 0-1

[Event "Israeli Open Championship 2019"]
[Site "Jerusalem"]
[Date "2019.12.15"]
[Round "3.14"]
[White "Yehoshua, Azgad"]
[Black "Zalkind, Konstantin"]
[Result "0-1"]
[ECO "B12"]
[WhiteElo "1746"]
[BlackElo "2162"]
[Annotator "NA RC"]
[PlyCount "92"]
[EventDate "2019.12.12"]
[EventType "swiss"]
[EventCountry "ISR"]
[SourceTitle "playchess.com"]
[Source "ChessBase"]
[SourceQuality "1"]
[TimeControl "5400+30"]

1. e4 c6 2. d4 d5 3. e5 Bf5 4. Bd3 Bxd3 5. Qxd3 e6 6. Ne2 c5 7. c3 Nc6 8. O-O Nge7 {[%emt 0:01:53] B12: Caro-Kann: Advance Variation} (8... Rc8 9. Nd2 Nh6 10. Nf3 Nf5 11. Bd2 Be7 12. g4 Nh4 13. Nxh4 Bxh4 14. f4 Be7 15. f5 Qb6 16. fxe6 fxe6 {1-0 (48) Matlakov,M (2700)-Le,Q (2714) St Petersburg 2018}) 9. f4 cxd4 10. Nxd4 Qd7 $146 ({Predecessor:} 10... Nxd4 11. cxd4 Qb6 12. Nc3 Rc8 13. Ne2 h5 14. Bd2 Nf5 15. Rac1 Rc6 16. Bc3 {0-1 (40) Gurbanov,F-Zarkua,D (2390) Baku 2007}) 11. Nd2 Nxd4 12. cxd4 Nc6 13. a3 Be7 14. Nf3 O-O 15. b3 a5 16. Ra2 a4 17. g4 axb3 18. Rg2 f5 19. gxf5 Rxf5 20. Qxb3 Na5 21. Qd3 Nc4 22. Kh1 Raf8 23. Rfg1 R8f7 24. Ng5 Bxg5 25. Rxg5 Qe8 26. Qg3 Rxg5 27. Qxg5 Qf8 28. h4 Rf5 29. Qg4 Qf7 30. Kh2 b5 31. Kh3 Kf8 32. Qg3 g6 33. Qb3 Qd7 34. Kg3 Qc6 35. Rg2 (35. Bd2 $11 {and White has nothing to worry.}) 35... Nxe5 36. dxe5 Qxc1 37. Qb4+ Kg8 $19 38. Rf2 Qg1+ 39. Kf3 Qh1+ 40. Kg3 Qg1+ 41. Kf3 h6 42. a4 g5 43. axb5 Rxf4+ 44. Qxf4 Qd1+ 45. Ke3 gxf4+ 46. Rxf4 Qb3+ 0-1

[Event "Israeli Open Championship 2019"]
[Site "Jerusalem"]
[Date "2019.12.15"]
[Round "3.15"]
[White "Sobel, Ido"]
[Black "Tsyn, Igor"]
[Result "1/2-1/2"]
[ECO "B23"]
[WhiteElo "1711"]
[BlackElo "2154"]
[Annotator "RC"]
[PlyCount "62"]
[EventDate "2019.12.12"]
[EventType "swiss"]
[EventCountry "ISR"]
[SourceTitle "playchess.com"]
[Source "ChessBase"]
[SourceQuality "1"]
[TimeControl "5400+30"]

1. e4 c5 2. Nc3 Nc6 3. f4 e6 4. Bb5 Nge7 5. Nf3 a6 6. Bxc6 Nxc6 7. d3 d5 8. O-O Be7 9. Qe1 O-O 10. a3 b5 11. Nd1 Nd4 12. Nxd4 cxd4 13. e5 Bd7 14. b3 Rc8 15. Rf2 Qb6 16. Bb2 Bh4 17. g3 Be7 18. Re2 Qa7 19. Kh1 f6 20. Qg1 fxe5 21. fxe5 Bc5 22. Nf2 Rf5 23. Nh3 Rcf8 24. b4 Bb6 25. Nf4 Bc8 26. Rae1 Bd7 27. Ba1 R8f7 28. Bb2 Re7 29. Rf1 Ref7 30. Rfe1 Rg5 31. Rf1 Rgf5 1/2-1/2

[Event "Israeli Open Championship 2019"]
[Site "Jerusalem"]
[Date "2019.12.15"]
[Round "3.16"]
[White "Slonimskij, Arkadij"]
[Black "Freiman, Mark"]
[Result "1-0"]
[ECO "E35"]
[WhiteElo "2133"]
[BlackElo "1724"]
[Annotator "RC"]
[PlyCount "77"]
[EventDate "2019.12.12"]
[EventType "swiss"]
[EventCountry "ISR"]
[SourceTitle "playchess.com"]
[Source "ChessBase"]
[SourceQuality "1"]
[TimeControl "5400+30"]

1. d4 Nf6 2. c4 e6 3. Nc3 Bb4 4. Qc2 d5 5. cxd5 exd5 6. Bg5 h6 7. Bh4 c5 8. e3 cxd4 9. exd4 Nc6 10. Bb5 O-O 11. Nge2 a6 12. Bxc6 bxc6 13. O-O Bd6 14. Bg3 Ng4 15. h3 Nf6 16. Rac1 Re8 17. Bxd6 Qxd6 18. Ng3 Qf4 19. Nce2 Qh4 20. Qd2 Ne4 21. Nxe4 Rxe4 22. f3 Re6 23. Qf4 Qe7 24. Ng3 Rf6 25. Qe5 Re6 26. Qf4 Rf6 27. Qd2 Qd6 28. f4 Bd7 29. Rc3 Re8 30. f5 c5 31. dxc5 Qe5 32. Qf4 d4 33. Rcc1 Qxf4 34. Rxf4 d3 35. Rd4 Bxf5 36. Nxf5 Rxf5 37. c6 Kh7 38. c7 Rc8 39. Rxd3 1-0

[Event "Israeli Open Championship 2019"]
[Site "Jerusalem"]
[Date "2019.12.16"]
[Round "4.3"]
[White "Soffer, Ram"]
[Black "Mikhalevski, Victor"]
[Result "0-1"]
[ECO "D97"]
[WhiteElo "2490"]
[BlackElo "2559"]
[Annotator "ChessBase"]
[PlyCount "82"]
[EventDate "2019.12.12"]
[EventType "swiss"]
[EventCountry "ISR"]
[SourceTitle "playchess.com"]
[Source "ChessBase"]
[SourceQuality "1"]
[TimeControl "5400+30"]

1. d4 Nf6 2. Nf3 g6 3. c4 Bg7 4. Nc3 d5 5. Qb3 dxc4 6. Qxc4 O-O 7. e4 c6 8. Be2 b5 9. Qd3 Qa5 10. Nd2 Be6 11. a3 Rd8 12. O-O Nbd7 13. Qb1 Nb6 14. Nf3 Nc4 15. Rd1 Bg4 16. Qc2 Bxf3 17. Bxf3 e5 18. b4 Qc7 19. dxe5 Qxe5 20. Rb1 h5 21. g3 Ng4 22. Ne2 Qf6 23. Bxg4 Rxd1+ 24. Qxd1 hxg4 25. Rb3 Re8 26. Nf4 Rxe4 27. Be3 Qe7 28. Qxg4 Nxe3 29. Qc8+ Kh7 30. fxe3 Rxe3 31. Rxe3 Qxe3+ 32. Kg2 Qxa3 33. Qxc6 Qxb4 34. Qb7 Qc4 35. Nd5 Qe4+ 36. Kh3 Qe6+ 37. Kg2 Qe2+ 38. Kh3 Qf1+ 39. Kh4 Qf5 40. g4 Qf2+ 41. Kh3 Be5 0-1

[Event "Israeli Open Championship 2019"]
[Site "Jerusalem"]
[Date "2019.12.16"]
[Round "4.4"]
[White "Gorodetzky, David"]
[Black "Birnboim, Nathan"]
[Result "1-0"]
[ECO "C47"]
[WhiteElo "2483"]
[BlackElo "2393"]
[Annotator "ChessBase"]
[PlyCount "88"]
[EventDate "2019.12.12"]
[EventType "swiss"]
[EventCountry "ISR"]
[SourceTitle "playchess.com"]
[Source "ChessBase"]
[SourceQuality "1"]
[TimeControl "5400+30"]

1. e4 e5 2. Nf3 Nc6 3. Nc3 Nf6 4. Be2 d5 5. exd5 Nxd5 6. O-O Nxc3 7. bxc3 Bd6 8. d3 O-O 9. Nd2 Be6 10. Bf3 f5 11. Rb1 Rb8 12. c4 e4 13. dxe4 Ne5 14. Be2 f4 15. Bb2 c5 16. Nf3 Nxf3+ 17. Bxf3 Bxc4 18. Re1 Bc7 19. e5 Be6 20. Qe2 b5 21. Rbd1 Qe7 22. Bd5 Qf7 23. c4 bxc4 24. Bxe6 Qxe6 25. Bc3 f3 26. Qe4 Kh8 27. gxf3 Qh3 28. Qg4 Qxf3 29. Qxf3 Rxf3 30. Rd7 Bb6 31. Re3 Rxe3 32. fxe3 h5 33. e6 Rg8 34. Kf2 Kh7 35. a4 Re8 36. e7 Kg6 37. a5 Kf7 38. axb6 axb6 39. Rb7 Rxe7 40. Rxb6 Rd7 41. Rc6 Rd5 42. Kf3 g5 43. Ke4 Rd3 44. Be5 Ke8 1-0

[Event "Israeli Open Championship 2019"]
[Site "Jerusalem"]
[Date "2019.12.16"]
[Round "4.5"]
[White "Gorodetzky, Matan"]
[Black "Golberg, Igor"]
[Result "1/2-1/2"]
[ECO "B13"]
[WhiteElo "2284"]
[BlackElo "2156"]
[Annotator "NA"]
[PlyCount "89"]
[EventDate "2019.12.12"]
[EventType "swiss"]
[EventCountry "ISR"]
[SourceTitle "playchess.com"]
[Source "ChessBase"]
[SourceQuality "1"]
[TimeControl "5400+30"]

1. e4 c6 2. d4 d5 3. exd5 cxd5 4. Bd3 Nc6 5. c3 Nf6 6. Bf4 Bg4 7. Qb3 Qc8 8. Nd2 e6 9. Ngf3 Be7 10. Ne5 Nxe5 11. Bxe5 a6 12. O-O Bh5 13. c4 O-O 14. Rac1 Qd7 15. c5 Rac8 16. h3 Bg6 17. Rfe1 Qc6 $14 18. Bxg6 hxg6 19. Qd3 Nd7 20. Bh2 a5 21. a3 a4 22. Rc3 b6 23. cxb6 Qxb6 24. Rec1 Rxc3 25. Qxc3 Bg5 26. Rc2 Bxd2 27. Qxd2 Qa6 28. Qc1 Nb6 29. Rc6 Qb7 30. Rc7 Rc8 31. Rxc8+ Nxc8 32. Qc2 Nb6 33. b3 axb3 34. Qxb3 Qc6 35. Bf4 Kh7 36. h4 f6 37. Kh2 Nc4 38. Qc2 e5 39. dxe5 fxe5 40. Bg5 e4 41. f3 Qd6+ 42. Kh1 Nxa3 43. Qe2 exf3 44. Qxf3 Nc4 45. h5 1/2-1/2

[Event "Israeli Open Championship 2019"]
[Site "Jerusalem"]
[Date "2019.12.16"]
[Round "4.7"]
[White "Berenboym, Igor"]
[Black "Iliaguev, Nisim"]
[Result "0-1"]
[ECO "B12"]
[WhiteElo "2100"]
[BlackElo "2275"]
[Annotator "NA"]
[PlyCount "102"]
[EventDate "2019.12.12"]
[EventType "swiss"]
[EventCountry "ISR"]
[SourceTitle "playchess.com"]
[Source "ChessBase"]
[SourceQuality "1"]
[TimeControl "5400+30"]

1. e4 c6 2. d4 d5 3. e5 Bf5 4. Ne2 e6 5. Ng3 Bg6 6. h4 h6 7. h5 Bh7 $1 8. Bd3 Bxd3 9. Qxd3 c5 10. c3 Nc6 11. O-O Qb6 12. Be3 O-O-O 13. Nd2 cxd4 14. cxd4 Nge7 15. a3 $16 g6 16. b4 gxh5 17. Nxh5 Nf5 18. Ng3 Nce7 19. a4 Kb8 20. a5 Qc7 21. b5 Rc8 22. b6 Qc3 23. bxa7+ Ka8 24. Qb5 Nxe3 25. Rfb1 Qc6 26. fxe3 Rg8 27. Ngf1 Qxb5 28. Rxb5 Kxa7 29. Rab1 Rc7 30. e4 h5 31. Nb3 dxe4 32. Nc5 Nd5 33. Rxb7+ Rxb7 34. Rxb7+ Ka8 35. Rxf7 Bxc5 36. dxc5 e3 37. Nh2 Rc8 38. Nf3 Rxc5 39. Rf8+ Kb7 40. Re8 Nc7 41. Rh8 Rxa5 42. Kf1 Ra1+ 43. Ne1 Nd5 44. g3 Ra2 45. Rxh5 Rf2+ 46. Kg1 Nc3 47. Ng2 Ne2+ 48. Kh2 Nd4 49. Rh7+ Kc6 50. Ra7 e2 51. Ra6+ Kd5 0-1

[Event "Israeli Open Championship 2019"]
[Site "Jerusalem"]
[Date "2019.12.16"]
[Round "4.8"]
[White "Sokolovsky, Yahli"]
[Black "Friedland, Moshe"]
[Result "1-0"]
[ECO "B07"]
[WhiteElo "2045"]
[BlackElo "2267"]
[Annotator "NA"]
[PlyCount "63"]
[EventDate "2019.12.12"]
[EventType "swiss"]
[EventCountry "ISR"]
[SourceTitle "playchess.com"]
[Source "ChessBase"]
[SourceQuality "1"]
[TimeControl "5400+30"]

1. e4 d6 2. d4 Nf6 3. Bd3 e5 4. c3 d5 5. dxe5 Nxe4 6. Bxe4 dxe4 7. Qxd8+ Kxd8 8. Nd2 Bf5 9. Ne2 Bg6 10. Nf4 e3 11. Nf3 exf2+ $14 12. Kxf2 Bc5+ 13. Be3 Bxe3+ 14. Kxe3 Re8 15. Rad1+ Kc8 16. Nxg6 hxg6 17. Rd5 c6 18. Rd4 Nd7 19. Rhd1 Nf8 20. Ng5 Rxe5+ 21. Kf3 Rf5+ 22. Kg4 Kc7 23. Re4 Kb6 24. Re7 f6 25. Nf7 Ka6 26. Rd4 b5 27. a4 Ka5 28. Nd6 Re5 29. Nb7+ Kb6 30. a5+ Ka6 31. b4 Ne6 32. Rdd7 1-0

[Event "Israeli Open Championship 2019"]
[Site "Jerusalem"]
[Date "2019.12.16"]
[Round "4.9"]
[White "Cohen Revivo, Shoham"]
[Black "Har-Even, Abir"]
[Result "1-0"]
[ECO "B07"]
[WhiteElo "2261"]
[BlackElo "2104"]
[Annotator "NA"]
[PlyCount "75"]
[EventDate "2019.12.12"]
[EventType "swiss"]
[EventCountry "ISR"]
[SourceTitle "playchess.com"]
[Source "ChessBase"]
[SourceQuality "1"]
[TimeControl "5400+30"]

1. e4 d6 2. d4 Nf6 3. Nc3 c6 4. f4 Qa5 5. Bd3 e5 6. Nf3 exd4 7. Nxd4 g6 8. Nb3 Qc7 9. O-O Bg7 10. Kh1 O-O 11. Be3 Nbd7 12. a4 b6 13. a5 b5 14. Qf3 a6 15. e5 dxe5 16. f5 Re8 17. Ne4 $11 Bb7 18. Nbc5 Nxc5 19. Bxc5 Nd5 20. c4 Nf4 21. Bb6 Qd7 22. Nc5 Qe7 23. Be4 gxf5 24. Bxf5 bxc4 25. Rad1 Nd5 26. Nxb7 Qxb7 27. Be4 Rac8 28. Rxd5 cxd5 29. Bxd5 Qe7 30. Bxf7+ Kh8 31. Bxe8 Rxe8 32. Qd5 Qb4 33. Qc6 Qb5 34. Qxb5 axb5 35. a6 e4 36. Rf2 Rd8 37. Bxd8 e3 38. Bb6 1-0

[Event "Israeli Open Championship 2019"]
[Site "Jerusalem"]
[Date "2019.12.16"]
[Round "4.10"]
[White "Tsirilman, Guy"]
[Black "Lahav, Michal"]
[Result "0-1"]
[ECO "B00"]
[WhiteElo "1975"]
[BlackElo "2244"]
[Annotator "NA"]
[PlyCount "68"]
[EventDate "2019.12.12"]
[EventType "swiss"]
[EventCountry "ISR"]
[SourceTitle "playchess.com"]
[Source "ChessBase"]
[SourceQuality "1"]
[TimeControl "5400+30"]

1. e4 e6 2. d4 d5 3. Nd2 Be7 4. Ngf3 Nf6 5. e5 Nfd7 6. Bd3 c5 7. c3 b6 8. Qe2 Nc6 9. a3 Bb7 10. O-O g5 11. b4 c4 12. Nxc4 (12. Bc2 $14) 12... dxc4 13. Bxc4 $11 Qc7 14. Bxg5 Rg8 15. Bf4 O-O-O 16. Qe3 Ncxe5 17. Be2 Nxf3+ 18. Bxf3 Bd6 19. Bxb7+ Qxb7 20. f3 Bxf4 21. Qxf4 Nf8 22. c4 Ng6 23. Qe3 Nh4 24. Rf2 Nf5 25. Qc3 Nxd4 26. c5 Kb8 27. Rc1 Rd5 28. a4 bxc5 29. bxc5 Qc6 30. Rb1+ Ka8 31. Qb4 e5 32. Rfb2 Rdd8 33. Qa5 Nxf3+ 34. Kh1 Nh4 0-1

[Event "Israeli Open Championship 2019"]
[Site "Jerusalem"]
[Date "2019.12.16"]
[Round "4.11"]
[White "Tifferet, Shaked"]
[Black "Zak, Arad"]
[Result "1-0"]
[ECO "E62"]
[WhiteElo "2232"]
[BlackElo "2076"]
[Annotator "NA"]
[PlyCount "51"]
[EventDate "2019.12.12"]
[EventType "swiss"]
[EventCountry "ISR"]
[SourceTitle "playchess.com"]
[Source "ChessBase"]
[SourceQuality "1"]
[TimeControl "5400+30"]

1. Nf3 Nf6 2. g3 g6 3. Bg2 Bg7 4. d4 O-O 5. c4 d6 6. Nc3 Nc6 7. O-O Re8 8. d5 Na5 9. Nd2 c5 10. a3 b6 11. b4 $14 Nb7 12. Bb2 Rb8 13. Qc2 cxb4 14. axb4 a5 15. Nb5 axb4 16. Ra7 Bd7 17. Nd4 Qc8 18. Nc6 Na5 19. Bxf6 Bxf6 20. Nxb8 Bf5 21. e4 b3 22. Nxb3 Nxb3 23. Nc6 Nd4 24. Nxd4 Bxd4 25. exf5 b5 26. Ra2 1-0

[Event "Israeli Open Championship 2019"]
[Site "Jerusalem"]
[Date "2019.12.16"]
[Round "4.12"]
[White "Kuritz, Zvi"]
[Black "Shtemler, Lavi"]
[Result "0-1"]
[ECO "B34"]
[WhiteElo "1907"]
[BlackElo "2181"]
[Annotator "NA"]
[PlyCount "68"]
[EventDate "2019.12.12"]
[EventType "swiss"]
[EventCountry "ISR"]
[SourceTitle "playchess.com"]
[Source "ChessBase"]
[SourceQuality "1"]
[TimeControl "5400+30"]

1. e4 c5 2. Nf3 g6 3. d4 cxd4 4. Nxd4 Bg7 5. Nc3 Nc6 6. Be3 Nf6 7. Be2 O-O 8. O-O d5 9. exd5 Nxd5 10. Nxd5 Qxd5 11. Bf3 Qa5 12. c3 Nxd4 13. Bxd4 e5 14. Be3 Be6 15. Bxb7 Rab8 16. b4 Qa3 $14 17. Bf3 e4 18. Bxe4 Bxc3 19. Bc5 Rfd8 20. Qf3 a5 21. Rad1 axb4 22. Rxd8+ Rxd8 23. Rd1 Qa5 24. Be7 Re8 25. Bf6 Bxf6 26. Qxf6 Bxa2 27. f4 Bb3 28. Rd4 Qc5 29. Kf1 Bc4+ 30. Ke1 Rxe4+ 31. Rxe4 Qg1+ 32. Kd2 Qxg2+ 33. Ke3 Qe2+ 34. Kd4 Qb2+ 0-1

[Event "Israeli Open Championship 2019"]
[Site "Jerusalem"]
[Date "2019.12.16"]
[Round "4.13"]
[White "Zalkind, Konstantin"]
[Black "Nissim, Yonatan"]
[Result "1-0"]
[ECO "A48"]
[WhiteElo "2162"]
[BlackElo "2040"]
[Annotator "NA"]
[PlyCount "43"]
[EventDate "2019.12.12"]
[EventType "swiss"]
[EventCountry "ISR"]
[SourceTitle "playchess.com"]
[Source "ChessBase"]
[SourceQuality "1"]
[TimeControl "5400+30"]

1. d4 Nf6 2. Nf3 g6 3. Bg5 Bg7 4. Nbd2 d5 5. e3 c5 6. c3 cxd4 7. cxd4 Nc6 8. Be2 O-O 9. O-O Bf5 10. a3 a5 11. Rc1 Qb6 12. Qb3 Qxb3 13. Nxb3 Rfc8 14. Nc5 $14 Ne4 15. Bf4 e5 16. Nxe4 exf4 17. Nd6 Rcb8 18. Nxf5 gxf5 19. Nh4 Re8 20. Nxf5 Nxd4 21. exd4 Rxe2 22. b3 1-0

[Event "Israeli Open Championship 2019"]
[Site "Jerusalem"]
[Date "2019.12.16"]
[Round "4.14"]
[White "Tsyn, Igor"]
[Black "Uritsky, Yonathan"]
[Result "1-0"]
[ECO "B31"]
[WhiteElo "2154"]
[BlackElo "1881"]
[Annotator "NA"]
[PlyCount "99"]
[EventDate "2019.12.12"]
[EventType "swiss"]
[EventCountry "ISR"]
[SourceTitle "playchess.com"]
[Source "ChessBase"]
[SourceQuality "1"]
[TimeControl "5400+30"]

1. e4 c5 2. Nf3 Nc6 3. Bb5 Nf6 4. e5 Nd5 5. O-O g6 6. Re1 Bg7 7. c3 O-O 8. d4 cxd4 9. cxd4 d6 10. h3 Bf5 $11 (10... Qb6 $5 11. Qa4 Be6 $15) 11. Bxc6 bxc6 12. Na3 Rb8 13. Nc4 Qc7 14. Bd2 Rfc8 15. Rc1 Qd7 16. b3 Nb4 17. Bxb4 Rxb4 18. exd6 exd6 19. d5 h5 20. Ne3 Be4 21. Nc2 Bxc2 22. Rxc2 c5 23. Qd3 a5 24. Rce2 Bf6 25. Nd2 a4 26. Qf3 Be5 27. Nc4 f6 28. Nxe5 fxe5 29. Qf6 Kh7 30. f4 Rxf4 31. Qxf4 exf4 32. Re7+ Qxe7 33. Rxe7+ Kh6 34. Rd7 axb3 35. axb3 Rb8 36. Rxd6 Rxb3 37. Rc6 Rc3 38. d6 Rd3 39. Kf2 Rd5 40. Kf3 Kg5 41. Ke4 Rd2 42. Rxc5+ Kf6 43. Rd5 Re2+ 44. Kxf4 Re8 45. d7 Rd8 46. Rd6+ Kg7 47. Ke5 Kf7 48. h4 Ke7 49. Rxg6 Kxd7 50. Rd6+ 1-0

[Event "Israeli Open Championship 2019"]
[Site "Jerusalem"]
[Date "2019.12.16"]
[Round "4.17"]
[White "Cohen, Moshe"]
[Black "Dvoirys, Semen I."]
[Result "0-1"]
[ECO "B30"]
[WhiteElo "1697"]
[BlackElo "2467"]
[Annotator "ChessBase"]
[PlyCount "70"]
[EventDate "2019.12.12"]
[EventType "swiss"]
[EventCountry "ISR"]
[SourceTitle "playchess.com"]
[Source "ChessBase"]
[SourceQuality "1"]
[TimeControl "5400+30"]

1. e4 c5 2. Nf3 Nc6 3. Bb5 e6 4. O-O Nge7 5. Re1 a6 6. Bf1 Ng6 7. c3 Be7 8. d4 cxd4 9. cxd4 d5 10. e5 O-O 11. g3 f6 12. exf6 Bxf6 13. Be3 e5 14. Bg2 e4 15. Nfd2 Bxd4 16. Qb3 Kh8 17. Nc3 Bxe3 18. fxe3 Be6 19. Rad1 Bg4 20. Nxd5 Bxd1 21. Rxd1 Na5 22. Qa4 Qxd5 23. Nxe4 Qb5 24. Qd4 Nc6 25. Qd2 Qh5 26. h3 Nge5 27. Kh1 Qg6 28. Qc3 Nf3 29. Rd7 Nce5 30. Bxf3 Nxd7 31. Kg2 Rxf3 32. Kxf3 Rf8+ 33. Ke2 Qxe4 34. Qc7 Ne5 35. Qe7 Qg2+ 0-1

[Event "Israeli Open Championship 2019"]
[Site "Jerusalem"]
[Date "2019.12.16"]
[Round "4.18"]
[White "Elsner, Yair"]
[Black "Gruzman, Ilya"]
[Result "1-0"]
[ECO "D21"]
[WhiteElo "1585"]
[BlackElo "1889"]
[Annotator "NA"]
[PlyCount "103"]
[EventDate "2019.12.12"]
[EventType "swiss"]
[EventCountry "ISR"]
[SourceTitle "playchess.com"]
[Source "ChessBase"]
[SourceQuality "1"]
[TimeControl "5400+30"]

1. Nf3 d5 2. d4 c5 3. c4 dxc4 4. e3 cxd4 5. Bxc4 Qc7 6. Qc2 Nc6 7. exd4 e6 8. O-O Nf6 9. b3 Bd6 10. Nc3 a6 11. Re1 O-O 12. Bg5 b5 13. Bxf6 bxc4 14. Ng5 g6 15. bxc4 Be7 16. Bxe7 Nxe7 17. Nce4 h6 18. Nf3 Bb7 19. Ne5 Nc6 20. Nxc6 Qxc6 21. f3 Rfd8 22. Red1 Rac8 23. Rac1 f5 24. Nc5 Ba8 25. Qe2 Kf7 26. Qe5 Qd6 27. Qxd6 Rxd6 28. Nb3 Bc6 29. Kf2 Ba4 30. Ke3 g5 31. g3 Rcd8 32. Rd2 Rc8 33. Nc5 Be8 34. f4 Kf6 35. Rb1 Bf7 36. Rb7 Be8 37. Rdb2 Rcd8 38. R2b6 Bf7 39. Rxd6 Rxd6 40. Ra7 Be8 41. Rxa6 Rxa6 42. Nxa6 Ke7 43. c5 Bc6 44. Kd2 Bb5 45. Nb4 Kd7 46. Kc3 Kc7 47. d5 e5 48. fxe5 h5 49. e6 g4 50. d6+ Kd8 51. Nd5 Bc6 52. Nf4 1-0

[Event "Israeli Open Championship 2019"]
[Site "Jerusalem"]
[Date "2019.12.17"]
[Round "5.2"]
[White "Mikhalevski, Victor"]
[Black "Gorodetzky, David"]
[Result "1-0"]
[ECO "A13"]
[WhiteElo "2559"]
[BlackElo "2483"]
[Annotator "ChessBase"]
[PlyCount "127"]
[EventDate "2019.12.12"]
[EventType "swiss"]
[EventCountry "ISR"]
[SourceTitle "playchess.com"]
[Source "ChessBase"]
[SourceQuality "1"]
[TimeControl "5400+30"]

1. c4 e6 2. g3 d5 3. Bg2 Nf6 4. Nf3 a6 5. b3 b5 6. cxd5 exd5 7. d4 Bd6 8. O-O O-O 9. Nc3 Bb7 10. e3 Nbd7 11. Bb2 Qe7 12. Qc2 Rac8 13. Rac1 Rfe8 14. Ne2 Ne4 15. Nf4 f6 16. Nd3 c6 17. Nd2 Qf7 18. Rfe1 c5 19. dxc5 Ndxc5 20. Nxc5 Bxc5 21. Nxe4 dxe4 22. Bh3 Rc6 23. Qe2 Rc7 24. Red1 Bc8 25. Bxc8 Rexc8 26. Qg4 f5 27. Qf4 h6 28. Qe5 Rd7 29. Rd4 Re7 30. Qd5 Rec7 31. Rdd1 Qxd5 32. Rxd5 g6 33. Be5 Rc6 34. Rd7 Bf8 35. Rxc6 Rxc6 36. Ra7 Bc5 37. Rb7 Re6 38. Bc3 Rc6 39. Bg7 h5 40. Kg2 Re6 41. Bh6 Be7 42. Bf4 Kf8 43. h3 Rc6 44. Ra7 g5 45. Be5 g4 46. h4 Ke8 47. Bd4 b4 48. Be5 Re6 49. Ba1 Rc6 50. Bd4 Kf8 51. Ra8+ Kf7 52. Rh8 Kg6 53. Rg8+ Kh6 54. Re8 Rc7 55. Be5 Rd7 56. Ra8 Kg6 57. Rxa6+ Kf7 58. Rh6 Rd2 59. Rxh5 Ke6 60. Bd4 Rxa2 61. Rh6+ Kf7 62. Rh7+ Ke6 63. h5 Rd2 64. Rxe7+ 1-0